 Dungeon Crawl Stone Soup version 0.30.0-11-gf55b779eaf (webtiles) character file.

Game seed: 12107729394637200783

520 fozzywoppz the Trooper (level 7, -3/44 HPs)
             Began as a Gargoyle Fighter on May 16, 2023.
             Slain by a wight
             ... wielding a +3 great sword
              (5 damage)
             ... on level 5 of the Dungeon.
             The game lasted 00:05:18 (3545 turns).

fozzywoppz the Trooper (Gargoyle Fighter)           Turns: 3545, Time: 00:05:19

Health: -3/44      AC: 20    Str: 20    XL:     7   Next: 21%
Magic:  7/7        EV:  5    Int:  8    God:
Gold:   306        SH:  5    Dex: 11    Spells: 6/6 levels left

rFire   . . .        a - +0 flail
rCold   . . .        c - +0 buckler
rNeg    + . .        f - +0 plate armour
rPois   ∞            y - +0 helmet
rElec   +            (no cloak)
rCorr   .            v - +0 pair of gloves
SInv    .            B - +0 pair of boots
Will    .....        (no amulet) Stlth
                     (no ring)
HPRegen 0.27/turn    (no ring)
MPRegen 0.10/turn

%: no passive effects
@: mighty
A: sickness immunity, AC +4, negative energy resistance 1, electricity
resistance, torment resistance 1, petrification resistance
a: no special abilities


You were on level 5 of the Dungeon.
You visited 1 branch of the dungeon, and saw 5 of its levels.

You collected 306 gold pieces.

Inventory:

Hand Weapons
 a - a +0 flail (weapon)
Missiles
 j - 4 poisoned darts (quivered)
Armour
 c - a +0 buckler (worn)
 f - a +0 plate armour (worn)
 v - a +0 pair of gloves (worn)
 y - a +0 helmet (worn)
 B - a +0 pair of boots (worn)
Jewellery
 w - a ring of wizardry
 A - a ring of magical power
Scrolls
 b - a scroll of brand weapon {unknown}
 e - a scroll of amnesia {unknown}
 h - 8 scrolls of identify {unknown}
 i - a scroll of torment {unknown}
 l - a scroll of enchant weapon {unknown}
 m - a scroll of immolation {unknown}
 n - 2 scrolls of noise {unknown}
 p - a scroll of magic mapping {unknown}
 q - 2 scrolls of poison {unknown}
 s - 2 scrolls of enchant armour {unknown}
 t - a scroll of teleportation {unknown}
 x - a scroll of fog {unknown}
 z - a scroll of blinking {unknown}
Potions
 d - 2 potions of might
 g - 2 potions of brilliance {unknown}
 k - a potion of flight {unknown}
 o - a potion of haste {unknown}
 r - 2 potions of curing {unknown}
 u - a potion of lignification {unknown}


   Skills:
 + Level 5.4 Fighting
 + Level 4.3 Maces & Flails
 - Level 5.0 Armour
 - Level 5.0 Shields


You had 6 spell levels left.
You didn't know any spells.
Your spell library contained the following spells:

 Spells                   Type           Power      Damage    Failure   Level
 Freeze                   Ice            0%         1d3       100%        1
 Static Discharge         Conj/Air       0%         2-2/arc   100%        2
 Frozen Ramparts          Ice            0%         1d1       100%        3
 Hailstorm                Conj/Ice       0%         3d3       100%        3
 Airstrike                Air            0%         2d(0-16)  100%        4
 Summon Lightning Spire   Summ/Air       0%         N/A       100%        4


Dungeon Overview and Level Annotations

Branches:
Dungeon (5/15)
 Temple: D:4-7

Altars:
Dithmenos
Elyvilon
Nemelex Xobeh
Vehumet
Xom
Yredelemnul
Zin

Annotations:
D:4 2 runed translucent doors, pigah's ghost, novice OpAE


Innate Abilities, Weirdness & Mutations

You are immune to sickness and miasma.
Your stone body is resilient. (AC +4)
You are immune to poison.
You resist negative energy. (rN+)
You are resistant to electric shocks. (rElec)
You are resistant to unholy torment.
You are immune to petrification.


Message History

You sock the wight!
The wight is severely damaged.
The wight hits you but does no damage. You block the wight's attack.
You barely miss the wight.
The wight is severely damaged.
The wight hits you but does no damage. The wight barely misses you.
You thump the wight!
You destroy the wight!
The wight hits you from afar with a +0 trident!
* * * LOW HITPOINT WARNING * * *
The rat bites you but does no damage. The wight barely misses you.
Your Maces & Flails skill increases to level 4!
You have reached level 7!
You completely miss the rat. The wight hits you but does no damage.
The rat bites you but does no damage.
You closely miss the rat. The wight hits you but does no damage.
The rat bites you but does no damage.
You barely miss the rat. The wight hits you but does no damage.
The rat barely misses you.
You bludgeon the rat!!
You kill the rat!
You hear the rusting of a drain nearby.
The wight hits you but does no damage. You block the wight's attack.
Items here: )) [[.
You closely miss the wight. The wight hits you with a +0 trident.
You hit the wight.
The wight is moderately damaged.
The wight hits you with a +3 great sword.
* * * LOW HITPOINT WARNING * * *
You block the wight's attack.
You sock the wight!
You destroy the wight!
The wight barely misses you.
The wight hits you with a +3 great sword!
* * * LOW HITPOINT WARNING * * *
Things that are here:
a +0 trident; a +0 robe You closely miss the wight.
The wight hits you but does no damage.
The wight hits you with a +3 great sword.
You die...

############ #..........#
#..........###########
#..........#@).......#
#####..........#z######.##
..†............'..#
#####..........#..#
################..# ....).
...zz.>..# ##.###
######.#.# #. .# #. .#


You could see a wight.

Vanquished Creatures
  A phantom (D:4)
  A bullfrog (D:4)
  3 wights (D:5)
  A jelly (D:5)
  An iguana (D:5)
  2 orc wizards (D:3)
  4 gnolls (D:3)
  3 adders
  2 dart slugs
  4 orcs (D:3)
  6 endoplasms
  4 giant cockroaches
  4 goblins
  6 hobgoblins
  4 jackals (D:4)
  3 quokkas
  4 ball pythons
  4 bats
  A frilled lizard (D:2)
  7 kobolds
  8 rats
73 creatures vanquished.

Notes
Turn   | Place    | Note
-------+----------+-------------------------------------------
     0 | D:1      | fozzywoppz the Gargoyle Fighter began the quest for the
                  | Orb.
     0 | D:1      | Reached XP level 1. HP: 14/14 MP: 1/1
    64 | D:1      | Reached XP level 2. HP: 15/19 MP: 2/2
   473 | D:1      | Reached XP level 3. HP: 11/24 MP: 3/3
   941 | D:2      | Found a faded altar of an unknown god.
  1579 | D:3      | Reached XP level 4. HP: 21/29 MP: 4/4
  1617 | D:3      | Reached XP level 5. HP: 21/33 MP: 5/5
  1624 | D:3      | Found a shimmering altar of Xom.
  2287 | D:3      | Found a glowing silver altar of Zin.
  2287 | D:3      | Found a sparkling altar of Nemelex Xobeh.
  2294 | D:3      | Found a shadowy altar of Dithmenos.
  2296 | D:3      | Found a radiant altar of Vehumet.
  2298 | D:3      | Found a white marble altar of Elyvilon.
  2525 | D:4      | Found a large runed translucent door.
  2525 | D:4      | Found a large runed translucent door.
  2527 | D:4      | Noticed pigah's ghost (novice OpAE)
  2964 | D:4      | Noticed a phantom
  2986 | D:4      | Killed a phantom
  2987 | D:4      | Reached XP level 6. HP: 35/39 MP: 6/6
  3063 | D:4      | Identified the +9 scale mail "Peag" {Will+ MP+9}
  3103 | D:4      | Identified the +1 war axe of Xiup {protect, rPois rN+
                  | Dex-2}
  3106 | D:4      | Found a basalt altar of Yredelemnul.
  3246 | D:5      | Entered Level 5 of the Dungeon
  3517 | D:5      | Reached skill level 5 in Fighting
  3517 | D:5      | Reached skill level 5 in Armour
  3517 | D:5      | Reached skill level 5 in Shields
  3536 | D:5      | Reached XP level 7. HP: 13/44 MP: 7/7
  3544 | D:5      | HP: 2/44 [wight/+3 great sword (12)]
  3545 | D:5      | Slain by a wight

Illustrated notes

Levels and vault maps discovered:
D:1:      lightli_arrival_statuegarden, layout_basic
D:2:      layout_basic, shapermc_ecumenical_altar_venn, serial_curves,
          eino_curves_04, eino_curves_02
D:3:      layout_basic, xom_teletrap_fun, chequers_temple_overflow_minitemple
D:4:      layout_basic, mainiacjoe_overflow_chevrons,
          ebering_ghost_disaster_area
D:5:      layout_basic, mainiacjoe_overflow_brackets, portal_sewer_entry_a,
          minmay_chambers_of_fives, uniq_crazy_yiuf_cottage, uniq_grinder

Skill      XL: |  1  2  3  4  5  6 |
---------------+-------------------+-----
Fighting       | 4 5 |  5.4
Shields        | 4 5 |  5.0
Armour         | 4 5 |  5.0
Maces & Flails | 3 4 |  4.3

Action                     |  1- 3 |  4- 6 |  7- 9 || total
---------------------------+-------+-------+-------++-------
  Melee: Flail             |   106 |   173 |     8 ||   287
    Use: Potion            |       |     1 |       ||     1
 Armour: Scale mail        |    46 |       |       ||    46
         Plate armour      |    19 |   151 |     7 ||   177
  Dodge: Dodged            |    45 |    43 |     2 ||    90
  Block: Buckler           |    36 |    36 |     2 ||    74
